 Dungeon Crawl Stone Soup version 0.22-a0-147-gfdd7f25 (webtiles) character file.

1515 varam the Cleaver (level 8, -1/64 HPs)
             Began as a Demonspawn Gladiator on Feb 7, 2018.
             Was a Believer of Okawaru.
             Slain by a vampire (12 damage)
             ... on level 7 of the Dungeon.
             The game lasted 00:16:46 (7098 turns).

varam the Cleaver (Demonspawn Gladiator)            Turns: 7098, Time: 00:16:47

Health: -1/64      AC:  8    Str: 11    XL:     8   Next: 53%
Magic:  6/8        EV: 19    Int: 16    God:    Okawaru [**....]
Gold:   309        SH:  0    Dex: 17    Spells: 7/7 levels left

rFire    . . .     SeeInvis +   a - +0 war axe
rCold    + . .     Gourm    .   (no shield)
rNeg     + . .     Faith    .   J - +2 robe of Summer {rN+ Str-3 Dex+3 SInv}
rPois    .         Spirit   .   c - +0 helmet
rElec    .         Reflect  .   (no cloak)
rCorr    +         Harm     .   (no gloves)
MR       .....                  (no boots)
Stlth    +++.......             (no amulet)
HPRegen  0.20/turn              r - ring of resist corrosion
MPRegen  0.11/turn              w - +3 ring of intelligence

@: heroism
A: claws 2, yellow scales 2, cold resistance 1, demonic guardian 1
a: Heroism, Renounce Religion


You were on level 7 of the Dungeon.
You worshipped Okawaru.
Okawaru was pleased with you.
You were not hungry.

You visited 2 branches of the dungeon, and saw 8 of its levels.

You collected 309 gold pieces.

Inventory:

Hand Weapons
 a - a +0 war axe (weapon)
 y - a +0 morningstar
Missiles
 k - 135 stones
 v - 7 tomahawks (quivered)
 D - a throwing net
Armour
 b - a +0 leather armour
 c - a +0 helmet (worn)
 J - the +2 robe of Summer (worn) {rN+ Str-3 Dex+3 SInv}
   (You found it on level 7 of the Dungeon)

   It affects your strength (-3).
   It affects your dexterity (+3).
   It protects you from negative energy.
   It lets you see invisible.
Jewellery
 r - a ring of resist corrosion (left claw)
 w - a +3 ring of intelligence (right claw)
 I - an uncursed ring of magical power {unknown}
 K - a +2 ring of strength {unknown}
Wands
 E - a wand of flame (44)
Scrolls
 e - a scroll of fear {unknown}
 g - a scroll of random uselessness {unknown}
 h - a scroll of enchant weapon {unknown}
 l - a scroll of noise {unknown}
 m - 4 scrolls of teleportation {unknown}
 n - 6 scrolls of identify {unknown}
 q - 2 scrolls of blinking {unknown}
 s - 3 scrolls of enchant armour {unknown}
 t - a scroll of immolation {unknown}
 u - 5 scrolls of fog {unknown}
 x - 2 scrolls of magic mapping {unknown}
 z - 3 scrolls of remove curse {unknown}
 A - a scroll of summoning {unknown}
 M - a scroll of silence {unknown}
Potions
 d - 2 potions of mutation {unknown}
 i - a potion of degeneration
 j - 2 potions of flight
 o - 2 potions of heal wounds {unknown}
 p - 2 potions of ambrosia {unknown}
 B - a potion of brilliance {unknown}
 C - 2 potions of invisibility
 F - a potion of lignification
 G - 2 potions of curing
 H - 2 potions of might {unknown}
Comestibles
 f - 13 rations
 L - 14 chunks of flesh


   Skills:
 - Level 6.1(11.1) Fighting
 - Level 8.0(13.0) Axes
 - Level 1.7(6.7) Throwing
 + Level 4.3(9.3) Dodging


You had 7 spell levels left.
You didn't know any spells.

Dungeon Overview and Level Annotations

Branches:
Dungeon (7/15)             Temple (1/1) D:5

Altars:
Ashenzari
Cheibriados
Elyvilon
Fedhas
Gozag
Hepliaklqana
Kikubaaqudgha
Makhleb
Nemelex Xobeh
Okawaru
Qazlal
Ru
Sif Muna
Trog
Uskayaw
Vehumet
Wu Jian
Xom
Yredelemnul
Zin
The Shining One


Innate Abilities, Weirdness & Mutations

You have very sharp fingernails.
You are mostly covered in yellow scales. (AC +3)
Your flesh is cold resistant. (rC+)
A weak demonic guardian rushes to your aid.


Message History

You hit the vampire.
The vampire is severely damaged.
The vampire hits you.
* * * LOW HITPOINT WARNING * * *
The vampire completely misses you.
You closely miss the vampire.
The vampire is severely damaged.
You barely miss the vampire.
The vampire is severely damaged.
The vampire hits you!
* * * LOW HITPOINT WARNING * * *
The vampire barely misses you.
You feel better.
The vampire hits you but does no damage.
The vampire barely misses you.
Your iron imp barely misses the vampire.
You hit the vampire but do no damage.
The vampire is severely damaged.
The vampire hits you!
You die...

####..#####.....#.#
##. #........#.####
... #.##...........
####.##.##.###.#####.
#......(...# #.#####.
#.####..#### #.##....
##.#5.###.......##.
#..V.(.............
##@#$......#.#####.
#.#.#####... ## ....#
.# # ##.### # #.# #
#.# # #.# #..


You could see a vampire (invisible) and a friendly iron imp.

Vanquished Creatures
  Duvessa (D:6)
  An ogre (D:7)
  A phantom (D:7)
  A centaur (D:7)
  A big kobold (D:7)
  A bullfrog (D:6)
  Dowan (D:6)
  A scorpion (D:5)
  2 crimson imps
  2 hounds (D:4)
  An orc priest (D:7)
  2 iguanas
  5 orc wizards
  4 worker ants
  A killer bee zombie (D:5)
  8 adders
  3 worms
  A dart slug (D:1)
  9 leopard geckos
  11 orcs
  9 giant cockroaches
  10 goblins
  5 hobgoblins
  4 jackals (D:6)
  15 kobolds
  6 quokkas
  3 ball pythons
  7 bats
  4 frilled lizards
  10 rats
130 creatures vanquished.

Vanquished Creatures (collateral kills)
  A sky beast (D:6)
  A phantom (D:7)
  2 ogres (D:6)
  A crimson imp (D:5)
  A hound (D:4)
  An orc wizard (D:7)
  An orc (D:7)
  A kobold (D:7)
9 creatures vanquished.

Vanquished Creatures (others)
  2 orcs (D:7)
  A kobold (D:7)
3 creatures vanquished.

Grand Total: 142 creatures vanquished

Notes
Turn   | Place    | Note
-------+----------+-------------------------------------------
     0 | D:1      | varam the Demonspawn Gladiator began the quest for the Orb.
     0 | D:1      | Reached XP level 1. HP: 16/16 MP: 1/1
    35 | D:1      | Reached skill level 3 in Axes
    67 | D:1      | Gained mutation: You have sharp fingernails. [demonic ancestry]
    67 | D:1      | Reached XP level 2. HP: 20/22 MP: 2/2
   747 | D:1      | Reached XP level 3. HP: 22/27 MP: 3/3
   969 | D:2      | Reached skill level 4 in Axes
  1222 | D:2      | Found a radiant altar of Vehumet.
  1226 | D:2      | Found a deep blue altar of Sif Muna.
  1377 | D:2      | Gained mutation: You have very sharp fingernails. [demonic ancestry]
  1377 | D:2      | Reached XP level 4. HP: 28/33 MP: 4/4
  2014 | D:2      | Reached skill level 5 in Axes
  2441 | D:3      | Gained mutation: A weak demonic guardian rushes to your aid. [demonic ancestry]
  2441 | D:3      | Reached XP level 5. HP: 31/38 MP: 5/5
  2632 | D:5      | Entered Level 5 of the Dungeon
  2668 | D:5      | Found a staircase to the Ecumenical Temple.
  2701 | D:5      | Found an ornate altar of the Wu Jian Council.
  2732 | D:6      | Noticed Dowan
  2755 | D:6      | Noticed Duvessa
  3162 | D:5      | Found a shattered altar of Ashenzari.
  3204 | D:5      | Reached skill level 6 in Axes
  3295 | D:4      | Gained mutation: You are partially covered in yellow scales. (AC +2) [demonic ancestry]
  3295 | D:4      | Reached XP level 6. HP: 40/44 MP: 6/6
  3410 | D:6      | Killed Duvessa
  3707 | D:5      | Found an iron altar of Okawaru.
  3769 | D:5      | Reached skill level 7 in Axes
  3797 | D:5      | Became a worshipper of Warmaster Okawaru
  4293 | D:6      | Gained mutation: You are mostly covered in yellow scales. (AC +3) [demonic ancestry]
  4293 | D:6      | Reached XP level 7. HP: 39/50 MP: 7/7
  4296 | D:6      | Killed Dowan
  4465 | D:6      | Reached * piety under Okawaru
  4465 | D:6      | Reached skill level 8 in Axes
  4507 | Temple   | Entered the Ecumenical Temple
  5002 | D:4      | Reached skill level 3 in Fighting
  5419 | D:3      | Found a bloodstained altar of Trog.
  5419 | D:3      | Found a glowing golden altar of the Shining One.
  5878 | D:6      | Reached skill level 4 in Fighting
  5902 | D:6      | Found a shimmering altar of Xom.
  5907 | D:6      | Gained mutation: Your flesh is cold resistant. (rC+) [demonic ancestry]
  5907 | D:6      | Reached XP level 8. HP: 53/61 MP: 8/8
  6495 | D:7      | Reached skill level 5 in Fighting
  6523 | D:7      | Reached ** piety under Okawaru
  6523 | D:7      | Reached skill level 6 in Fighting
  6732 | D:7      | Got a tattered robe
  6743 | D:7      | Identified the +2 robe of Summer {rN+ Str-3 Dex+3 SInv} (You found it on level 7 of the Dungeon)
  6862 | D:7      | Reached skill level 3 in Dodging
  6923 | D:7      | Reached skill level 4 in Dodging
  7095 | D:7      | HP: 6/64 [vampire (8)]
  7098 | D:7      | Slain by a vampire

Vault maps used:
D:1:      lightli_arrival_statue_moat
D:2:      minitemple
D:3:      gammafunk_temple_overflow_statue
D:4:      kennysheep_spiral_hall, first_ration
D:5:      overflow_temple_1_default, ashenzari_conservatory_becter,
          minmay_temple_entry_from_below_a, okawaru_gym_becter
D:6:      old_standard_altar, uniq_duvessa
Temple:   nicolae_temple_great_sept

Skill      XL: |  1  2  3  4  5  6  7  8 |
---------------+-------------------------+-----
Axes           | 3 4 5 6 7 8 |  8.0
Fighting       | 4 6 |  6.1
Dodging        | 4 |  4.3
Throwing       | |  1.7

Action                   |  1- 3 |  4- 6 |  7- 9 || total
-------------------------+-------+-------+-------++-------
Melee: War axe           |   120 |   172 |   210 ||   502
       Morningstar       |       |     8 |       ||     8
Throw: Stone             |    13 |    11 |       ||    24
       Throwing net      |     1 |     1 |     1 ||     3
       Tomahawk          |       |       |     3 ||     3
Invok: Heroism           |       |       |     2 ||     2
  Use: Potion            |       |     6 |     3 ||     9
 Stab: Sleeping          |       |     3 |       ||     3
       Held in net/web   |       |     1 |       ||     1
       Distracted        |       |       |     2 ||     2
       Invisible         |       |       |     1 ||     1
  Eat: Chunk             |     2 |     3 |     5 ||    10
       Ration            |       |     2 |     1 ||     3
Armor: Leather armour    |    43 |    54 |    47 ||   144
       Skin              |       |     5 |       ||     5
       Robe              |       |       |    14 ||    14
Dodge: Dodged            |    87 |   123 |   134 ||   344

Table legend:
 A = Spawn XP
 B = Non-spawn XP
 C = Spawn XP percentage of total XP
 D = Spawn monster count
 E = Non-spawn monster count
 F = Spawn count percentage of total count
 G = Total turns spent on level
                    A         B        C        D         E        F      G
               +---------+---------+-------+---------+---------+-------+---------
         Total |       0 |    2165 |   0.0 |       0 |     139 |   0.0 |  7098
               +---------+---------+-------+---------+---------+-------+---------
           D:1 |       0 |      47 |   0.0 |       0 |      28 |   0.0 |   951
           D:2 |       0 |     126 |   0.0 |       0 |      28 |   0.0 |  1099
           D:3 |       0 |      58 |   0.0 |       0 |      23 |   0.0 |  1231
           D:4 |       0 |     349 |   0.0 |       0 |      15 |   0.0 |   661
           D:5 |       0 |     240 |   0.0 |       0 |       9 |   0.0 |  1628
           D:6 |       0 |     633 |   0.0 |       0 |      13 |   0.0 |   990
           D:7 |       0 |     712 |   0.0 |       0 |      23 |   0.0 |   456
               +---------+---------+-------+---------+---------+-------+---------
